 Dungeon Crawl Stone Soup version 0.28-a0-313-gbc0475efdd (webtiles) character file.

Game seed: 4184725176478367759

495 Leszczynek the Skirmisher (level 7, 4/59 HPs)
             Began as a Human Gladiator on Aug 31, 2021.
             Was an Initiate of Cheibriados.
             Quit the game on level 6 of the Dungeon.
             The game lasted 00:15:35 (1765 turns).

Leszczynek the Skirmisher (Human Gladiator)         Turns: 1765, Time: 00:15:36

Health: 4/59       AC:  7    Str: 15    XL:     7   Next: 38%
Magic:  7/7        EV: 11    Int: 11    God:    Cheibriados [......]
Gold:   136        SH:  5    Dex: 16    Spells: 6/6 levels left

rFire   . . .      SeeInvis .   a - +4 flail
rCold   . . .      Faith    .   (no shield)
rNeg    . . .      Spirit   .   f - +0 ring mail
rPois   .          Reflect  +   n - +0 helmet
rElec   .          Harm     .   e - +0 cloak
rCorr   .          Rampage  .   (no gloves)
Will    .....                   (no boots)
Stlth   +.........              p - amulet of reflection
HPRegen 0.19/turn               (no ring)
MPRegen 0.10/turn               (no ring)

@: lethally poisoned (4 -> -18), flying, very slow
A: no striking features
a: Renounce Religion, Bend Time


You were on level 6 of the Dungeon.
You worshipped Cheibriados.
Cheibriados was noncommittal.
You visited 2 branches of the dungeon, and saw 7 of its levels.

You collected 136 gold pieces.

Inventory:

Hand Weapons
 a - a +4 flail (weapon)
 b - a +0 hunting sling
Missiles
 c - 3 throwing nets (quivered)
 o - 9 poisoned darts
 u - 39 stones
 w - 17 arrows
Armour
 e - a +0 cloak (worn)
 f - a +0 ring mail (worn)
 k - a +0 leather armour
 n - a +0 helmet (worn)
Jewellery
 p - an amulet of reflection (around neck)
Scrolls
 h - 4 scrolls of identify {unknown}
 i - a scroll of brand weapon {unknown}
 j - a scroll of magic mapping {unknown}
 l - 2 scrolls of fear {unknown}
 q - a scroll of enchant weapon {unknown}
 s - 3 scrolls of teleportation {unknown}
 t - 2 scrolls of torment {unknown}


   Skills:
 + Level 6.3 Fighting
 - Level 2.0 Throwing
 - Level 3.0 Dodging
 - Level 5.0 Unarmed Combat


You had 6 spell levels left.
You didn't know any spells.
Your spell library contained the following spells:

 Spells                   Type           Power      Damage    Failure   Level
 Animate Skeleton         Necr           0%         N/A       56%         1
 Apportation              Tloc           0%         N/A       56%         1
 Corona                   Hex            0%         N/A       56%         1
 Summon Small Mammal      Summ           0%         N/A       56%         1
 Ignite Poison            Fire/Tmut/Pois 0%         N/A       91%         3
 Mephitic Cloud           Conj/Pois/Air  0%         N/A       91%         3
 Bolt of Magma            Conj/Fire/Erth 0%         4d4       100%        5


Dungeon Overview and Level Annotations

Branches:
Dungeon (6/15)             Temple (1/1) D:5

Altars:
Ashenzari
Cheibriados
Dithmenos
Elyvilon
Fedhas
Gozag
Hepliaklqana
Kikubaaqudgha
Makhleb
Nemelex Xobeh
Okawaru
Qazlal
Ru
Sif Muna
Trog
Uskayaw
Vehumet
Wu Jian
Xom
Yredelemnul
Zin
The Shining One


Message History

You turn into a tree.
Your +0 cloak melds into your body.
Your +0 helmet melds into your body.
Your +0 ring mail melds into your body.
Your roots penetrate the ground.
You feel very sick.
The water moccasin bites you but does no damage.
You miss the water moccasin.
You feel very sick. The water moccasin bites you.
You block the water moccasin's attack.
It was a potion of brilliance.
You feel clever all of a sudden.
You feel very sick. The water moccasin bites you.
* * * LOW HITPOINT WARNING * * *
The water moccasin bites you but does no damage.
It was a potion of magic.
Magic courses through your body.
You feel sick.
The water moccasin bites you but does no damage.
It was a potion of cancellation.
Your magical effects are unravelling.
You feel magically purged.
You feel less wooden.
Your +0 cloak unmelds from your body.
Your +0 helmet unmelds from your body.
Your +0 ring mail unmelds from your body.
You feel a little less clever now.
You feel very sick. The water moccasin bites you.
* * * LOW HITPOINT WARNING * * *
It was a potion of flight.
You feel very buoyant.
You fly up into the air.
* * * LOW HITPOINT WARNING * * *
You feel sick. The water moccasin bites you.
* * * LOW HITPOINT WARNING * * *
You are more poisoned.
The water moccasin poisons you! The water moccasin misses you.
Unknown command.
Unknown command.
Enter note: all kinds of potions but no curing Unknown command.
Enter note: oh well Are you sure you want to abandon this character and quit the game? (Confirm with "yes".)

#..... #.....
#######.....
#...........
##.#####..... #
##...## #..... #.##
#.>...###.....
#.#.#####.............
#..#S@........####.###
#.######............
#.# ###########.# ...
#.# ..... . # ##...##
## # ##.## #.. ###


You could see a water moccasin.

Vanquished Creatures
  An ogre (D:6)
  A bullfrog (D:6)
  A centaur zombie (D:5)
  A bullfrog skeleton (D:5)
  2 iguanas
  A hound skeleton (D:4)
  14 gnolls
  6 adders
  An ufetubus (D:5)
  A worm (D:4)
  2 ball pythons
  2 endoplasms (D:4)
  A giant cockroach (D:4)
  3 goblins
  3 hobgoblins
  A quokka (D:1)
  A bat (D:1)
  4 kobolds
  2 rats
48 creatures vanquished.

Notes
Turn   | Place    | Note
-------+----------+-------------------------------------------
     0 | D:1      | Leszczynek the Human Gladiator began the quest for the Orb.
     0 | D:1      | Reached XP level 1. HP: 16/16 MP: 1/1
    79 | D:1      | Found a faded altar of an unknown god.
   215 | D:2      | Reached XP level 2. HP: 18/22 MP: 2/2
   273 | D:3      | Found a sacrificial altar of Ru.
   386 | D:3      | Reached XP level 3. HP: 22/28 MP: 3/3
   497 | D:2      | Reached skill level 4 in Unarmed Combat
   596 | D:4      | Reached XP level 4. HP: 30/34 MP: 4/4
   630 | D:4      | Reached skill level 3 in Fighting
   667 | D:4      | Reached XP level 5. HP: 20/41 MP: 5/5
   776 | D:5      | Entered Level 5 of the Dungeon
   885 | D:4      | Reached skill level 4 in Fighting
  1018 | D:4      | HP: 3/42 [iguana (8)]
  1023 | D:4      | HP: 8/63 [iguana (4)]
  1029 | D:4      | Reached XP level 6. HP: 15/49 MP: 6/6
  1091 | D:4      | Noticed an ice beast
  1192 | D:5      | HP: 7/49 [gnoll (8)]
  1199 | D:5      | Reached skill level 5 in Unarmed Combat
  1337 | D:5      | Reached skill level 5 in Fighting
  1343 | D:5      | Found a staircase to the Ecumenical Temple.
  1358 | Temple   | Entered the Ecumenical Temple
  1402 | Temple   | Became a worshipper of Cheibriados the Contemplative
  1709 | D:6      | Reached XP level 7. HP: 47/57 MP: 7/7
  1748 | D:6      | Noticed a water moccasin
  1758 | D:6      | Reached skill level 6 in Fighting
  1763 | D:6      | HP: 10/59 [poisoned by a water moccasin]
  1764 | D:6      | HP: 4/59 [water moccasin (2)]
  1765 | D:6      | all kinds of potions but no curing
  1765 | D:6      | oh well
  1765 | D:6      | Quit the game

Illustrated notes

#..... #.....
#######.....
#...........
##.#####..... #
##...## #..... #.##
#.>...###.....
#.#.#####.............
#..#S@........####.###
#.######............
#.# ###########.# ...
#.# ..... . # ##...##
## # ##.## #.. ###


Turn 1765 on D:6: all kinds of potions but no curing

Levels and vault maps discovered:
D:1:      dpeg_arrival_long_road, layout_loops_ring,
          hellmonk_ecumenical_altar_lost_god, minmay_cut_off
D:2:      minmay_general_purpose_star, layout_basic
D:3:      layout_basic, nicolae_ru_sacrificial_ziggurat, wad_rectangle_vault
D:4:      layout_basic, gup_sewer_entry_glass, nicolae_underground_beach
D:5:      layout_basic, minmay_temple_entry_poolview
D:6:      layout_loops_ring, chequers_decorated_corner, uniq_eustachio
Temple:   kilobyte_greek_temple

Skill      XL: |  1  2  3  4  5  6  7 |
---------------+----------------------+-----
Unarmed Combat | 4 5 |  5.0
Fighting       | 3 4 5 6 |  6.3
Throwing       | |  2.0
Dodging        | |  3.0

Action                   |  1- 3 |  4- 6 |  7- 9 || total
-------------------------+-------+-------+-------++-------
Melee: Unarmed           |    51 |       |       ||    51
       Flail             |     8 |    97 |     7 ||   112
       Punch             |     2 |     3 |       ||     5
 Fire: Hunting sling     |       |     2 |       ||     2
Throw: Throwing net      |     4 |     4 |       ||     8
Invok: Bend Time         |       |       |     2 ||     2
  Use: Potion            |       |     4 |     5 ||     9
 Stab: Held in net/web   |     5 |       |       ||     5
Armor: Leather armour    |    10 |       |       ||    10
       Ring mail         |    13 |    44 |     1 ||    58
       Skin              |       |     7 |     3 ||    10
Dodge: Dodged            |    25 |    57 |     4 ||    86
Block: Other             |       |     1 |     3 ||     4

Table legend: (Time is in decaauts)
 A = Elapsed time spent in this place.
 B = Non-inter-level travel time spent in this place.
 C = Inter-level travel time spent in this place.
 D = Time resting spent in this place.
 E = Time spent auto-exploring this place.
 F = Levels seen in this place.
 G = Mean time per level.
                   A        B        C        D        E       F      G
               +--------+--------+--------+--------+--------+-----+--------+
         Total |   1954 |   1829 |    125 |     44 |      0 |   7 |  279.1 |
       Dungeon |   1855 |   1781 |     74 |     44 |      0 |   6 |  309.2 |
        Temple |     98 |     47 |     51 |      0 |      0 |   1 |   98.0 |
               +--------+--------+--------+--------+--------+-----+--------+

Top non-repeatable levels by time:
     D:4: 662 daAuts
     D:5: 498 daAuts
     D:3: 243 daAuts
     D:1: 200 daAuts
     D:2: 148 daAuts
     D:6: 101 daAuts
  Temple: 98 daAuts
